 Dungeon Crawl Stone Soup version 0.32-a0-599-gba8f9cf90e (webtiles) character file.

Game seed: 15059062454146175162

4477 Bobbunny the Fighter (level 10, -1/76 (83) HPs)
             Began as a Coglin Warper on Mar 2, 2024.
             Was a Follower of Okawaru.
             Slain by a gnoll
             ... wielding a +0 club
             ... led by a gnoll bouda
              (2 damage)
             ... on level 7 of the Dungeon.
             The game lasted 00:10:08 (8008 turns).

Bobbunny the Fighter (Coglin Warper)                Turns: 8008, Time: 00:10:09

HP:   -1/76 (83)    AC:  5    Str: 14    XL:     10   Next: 38%
MP:   12/12         EV:  7    Int: 13    God:    Okawaru [*.....]
Gold: 211           SH:  0    Dex: 15    Spells: 12/12 levels left

rFire   . . .        z - +6 shillelagh "Devastator" {shatter}
rCold   . . .        D - +5 scimitar (freeze) {Enheduana}
rNeg    . . .        C - +0 troll leather armour
rPois   .            (no helmet)
rElec   .            (no cloak)
rCorr   .            (no gloves)
SInv    .            A - +1 pair of boots
Will    .....        (amulet unavailable)
Stlth   +            (ring unavailable)
HPRegen 1.12/turn    (ring unavailable)
MPRegen 0.13/turn    (no gizmo)

%: no passive effects
@: weakened, held, drained
A: off-hand wielding, slow wielding, warmup strikes, no jewellery
a: Invent Gizmo, Renounce Religion, Heroism


You were on level 7 of the Dungeon.
You worshipped Okawaru.
Okawaru was aware of your devotion.
You visited 2 branches of the dungeon, and saw 8 of its levels.
You also visited: Sewer.

You collected 432 gold pieces.
You spent 221 gold pieces at shops.

Inventory:

Hand Weapons
 z - the +6 shillelagh "Devastator" (weapon) {shatter}
   (You found it on level 4 of the Dungeon)
 D - a +5 scimitar of freezing (offhand) {Enheduana}
Missiles
 d - 7 darts of dispersal (quivered)
 f - 18 poisoned darts
 o - 5 boomerangs
 u - 4 javelins
Armour
 b - a +0 helmet
 A - a +1 pair of boots (worn)
 C - a +0 troll leather armour (worn)
Wands
 r - a wand of polymorph (2)
 s - a wand of digging (9)
 w - a wand of flame (14)
 E - a wand of mindburst (13)
Scrolls
 a - 3 scrolls of immolation {unknown}
 c - a scroll of blinking
 e - 2 scrolls of vulnerability {unknown}
 g - 8 scrolls of identify {unknown}
 h - 3 scrolls of torment {unknown}
 j - a scroll of enchant armour {unknown}
 k - 3 scrolls of revelation {unknown}
 l - a scroll of fog {unknown}
 m - 5 scrolls of teleportation {unknown}
 p - 3 scrolls of amnesia {unknown}
 v - 4 scrolls of fear {unknown}
 y - a scroll of enchant weapon {unknown}
 F - a scroll of brand weapon {unknown}
Potions
 i - 2 potions of invisibility {unknown}
 n - 4 potions of degeneration
 q - a potion of lignification {unknown}
 t - 5 potions of mutation
 x - 5 potions of heal wounds
 B - a potion of curing


   Skills:
 + Level 9.4 Fighting
 - Level 6.0 Long Blades
 + Level 6.2 Maces & Flails
 - Level 0.8 Throwing
 - Level 5.0 Armour
 - Level 5.0 Dodging
 - Level 1.7 Spellcasting
 - Level 3.0 Translocations


You had 12 spell levels left.
You didn't know any spells.
Your spell library contained the following spells:

 Spells                   Type           Power      Damage    Failure   Level
 Blink                    Tloc           16%        N/A       14%         2
 Lesser Beckoning         Tloc           16%        N/A       14%         2
 Momentum Strike          Conj/Tloc      10%        3d8       26%         2
 Gell's Gravitas          Tloc           8%         N/A       28%         3
 Teleport Other           Tloc           8%         N/A       28%         3
 Foxfire                  Conj/Fire      4%         2x1d4     32%         1
 Sandblast                Erth           2%         2d4       32%         1
 Ensorcelled Hibernation  Hex/Ice        2%         N/A       43%         2
 Passwall                 Erth           1%         N/A       67%         3
 Stone Arrow              Conj/Erth      2%         3d7       67%         3
 Swiftness                Air            1%         N/A       67%         3
 Manifold Assault         Tloc           8%         N/A       67%         4
 Vhi's Electric Charge    Tloc/Air       10%        N/A       86%         4
 Brom's Barrelling Bould  Conj/Erth      1%         2d3       97%         4
 Plasma Beam              Fire/Air       0%         2x1d10    100%        6
 Starburst                Conj/Fire      0%         6d3       100%        6


Dungeon Overview and Level Annotations

Branches:
Dungeon (7/15)             Temple (1/1) D:6           Sewer (visited)

Altars:
Ashenzari
Cheibriados
Dithmenos
Elyvilon
Fedhas
Gozag
Hepliaklqana
Kikubaaqudgha
Makhleb
Nemelex Xobeh
Okawaru
Qazlal
Ru
Trog
Uskayaw
Vehumet
Wu Jian
Xom
Yredelemnul
Zin
The Shining One

Shops:
D:3 !

Annotations:
D:4 1 runed translucent door, Crazy Yiuf


Innate Abilities, Weirdness & Mutations

You can wield a second weapon in your off-hand.
It takes a long time for you to wield or remove held weapons.
Your first few attacks do less damage.
You cannot equip rings or amulets.


Message History

The gnoll bouda barks out a call to the hunt!
The gnolls pick up the pace!
The wight hits you with a +4 halberd. The gnoll hits you with a +0 club.
You slash the wight with your +5 scimitar of freezing!
The wight is almost destroyed.
You hit the wight with the +6 shillelagh "Devastator".
The wights shudder.
The wight is severely damaged.
The wight is heavily damaged.
You destroy the wight!
Okawaru accepts your kill.
The gnoll throws a throwing net.
The throwing net hits you.
You become entangled in the net!
The wight barely misses you.
You are held in a net!
You struggle against the net.
The gnoll closely misses you. x2
The wight hits you with a +5 great sword!
You feel drained. The wight completely misses you.
The gnoll bouda gazes fiercely through you!
You feel your attacks grow feeble. The gnoll hits you with a +0 club.
You struggle against the net.
The gnoll hits you but does no damage.
The gnoll hits you from afar with a +0 spear.
The wight hits you with a +5 great sword!
You feel drained.
The gnoll bouda hits you with a +0 whip.
The wight hits you with a +3 long sword!
The gnoll hits you with a +0 club.
* * * LOW HITPOINT WARNING * * *
You struggle against the net.
The gnoll hits you with a +0 club.
* * * LOW HITPOINT WARNING * * *
The gnoll hits you from afar with a +0 spear.
* * * LOW HITPOINT WARNING * * *
The wight hits you with a +5 great sword!
* * * LOW HITPOINT WARNING * * *
You feel drained.
* * * LOW HITPOINT WARNING * * *
The gnoll bouda hits you with a +0 whip.
* * * LOW HITPOINT WARNING * * *
The wight barely misses you. The gnoll hits you with a +0 club.
You die...

#....# #..###..####.
#....## #......# #.
#.....## #..#...# ##
#.....##..###......# #
###..####...).......## #
#...# ##...........###
#..# ##....##...#...#.
##..####....###...<#....
#.....z@g..## ##..>.....
......gzgg.# ##..#####
###....g...# #.. #
##.......# #.. #
##.......# #.. ##
........# ....####.
.......... .......
.###......## .......
#......


You could see a gnoll bouda, 2 wights and 4 gnolls.

Vanquished Creatures
  A gargoyle (D:7)
  A troll (D:6)
  Eustachio (D:5)
  A steam dragon (D:6)
  A water moccasin (D:6)
  Duvessa (D:7)
  2 ice beasts
  2 orc warriors
  3 black bears
  4 ogres
  3 phantoms
  2 bullfrogs
  2 brain worms (Sewer)
  6 scorpions
  13 wights
  Dowan (D:7)
  A howler monkey (D:4)
  A gnoll bouda (D:7)
  5 hounds
  2 jellies
  4 orc priests
  2 iguanas
  5 orc wizards
  15 adders
  7 gnolls
  4 river rats (Sewer)
  A shadow imp (D:6)
  2 white imps
  2 ufetubi (D:6)
  4 dart slugs
  2 ribbon worms
  17 orcs
  4 bats
  8 endoplasms
  9 giant cockroaches
  9 goblins
  10 hobgoblins
  8 jackals
  7 quokkas
  8 ball pythons
  4 frilled lizards
  8 kobolds
  5 rats
198 creatures vanquished.

Notes
Turn   | Place    | Note
-------+----------+-------------------------------------------
     0 | D:1      | Bobbunny the Coglin Warper began the quest for the Orb.
     0 | D:1      | Reached XP level 1. HP: 16/16 MP: 3/3
   101 | D:1      | Reached XP level 2. HP: 19/23 MP: 4/4
   892 | D:2      | Reached XP level 3. HP: 28/28 MP: 5/5
   952 | D:2      | Reached skill level 3 in Fighting
  1126 | D:2      | Found a faded altar of an unknown god.
  1189 | D:2      | Reached XP level 4. HP: 32/35 MP: 6/6
  1462 | D:2      | You fall into a shaft and drop 1 floor!
  1463 | D:3      | Noticed a scorpion
  1469 | D:3      | Killed a scorpion
  1470 | D:3      | Reached XP level 5. HP: 42/42 MP: 7/7
  1528 | D:3      | Found Ytyreo's Distillery.
  1537 | D:3      | Bought a potion of curing for 39 gold pieces
  1680 | D:3      | Reached skill level 4 in Fighting
  2072 | D:3      | Reached skill level 1 in Armour
  2122 | D:3      | Reached XP level 6. HP: 49/49 MP: 8/8
  2935 | D:4      | Found a glowing drain.
  2939 | Sewer    | Entered a sewer
  3798 | Sewer    | Reached XP level 7. HP: 45/55 MP: 7/9
  4072 | D:4      | Reached skill level 5 in Fighting
  4072 | D:4      | Reached skill level 5 in Long Blades
  4954 | D:4      | Found the +6 shillelagh "Devastator" {shatter}
  4961 | D:4      | Found a runed translucent door.
  4963 | D:4      | Noticed Crazy Yiuf
  5333 | D:3      | Bought a potion of degeneration for 13 gold pieces
  5333 | D:3      | Bought a potion of heal wounds for 65 gold pieces
  5333 | D:3      | Bought a potion of mutation for 104 gold pieces
  5429 | D:5      | Entered Level 5 of the Dungeon
  5429 | D:5      | Noticed Eustachio
  5760 | D:5      | Killed Eustachio
  5761 | D:5      | Reached XP level 8. HP: 60/64 MP: 10/10
  5918 | D:5      | Reached skill level 6 in Fighting
  6201 | D:5      | Reached skill level 1 in Maces & Flails
  6499 | D:6      | Reached XP level 9. HP: 64/71 MP: 11/11
  6671 | D:6      | Reached skill level 5 in Dodging
  6747 | D:6      | Noticed a troll
  6752 | D:6      | Killed a troll
  6753 | D:6      | Reached skill level 7 in Fighting
  6970 | D:6      | Reached skill level 5 in Armour
  7086 | D:6      | Found a staircase to the Ecumenical Temple.
  7104 | D:6      | Reached skill level 8 in Fighting
  7122 | Temple   | Entered the Ecumenical Temple
  7131 | Temple   | Became a worshipper of Warmaster Okawaru
  7194 | D:6      | Found a burning altar of Makhleb.
  7344 | D:6      | Found a glowing silver altar of Zin.
  7349 | D:6      | Found a glowing golden altar of the Shining One.
  7486 | D:7      | Reached skill level 5 in Maces & Flails
  7486 | D:7      | Reached XP level 10. HP: 78/82 MP: 12/12
  7511 | D:7      | Reached * piety under Okawaru
  7513 | D:7      | Reached skill level 9 in Fighting
  7592 | D:7      | Noticed a gargoyle
  7600 | D:7      | Killed a gargoyle
  7899 | D:7      | Noticed Dowan
  7900 | D:7      | Noticed Duvessa
  7903 | D:7      | Killed Dowan
  7906 | D:7      | Killed Duvessa
  8008 | D:7      | HP: 2/76 [wight/+5 great sword (4)]
  8008 | D:7      | Slain by a gnoll

Illustrated notes

Levels and vault maps discovered:
D:1:      amcnicky_arrival_abandoned_market, layout_basic,
          hangedman_decor_diamond_cutter
D:2:      layout_loops_ring, shapermc_ecumenical_altar_hornbeckon
D:3:      cheibrodos_pilgrimage, layout_loops_corners, serial_shops,
          nicolae_shop_hallway_stairs
D:4:      minmay_recursive_quarters, layout_basic,
          mainiacjoe_sewer_entry_somewhere_in_here_2, uniq_crazy_yiuf_cottage
D:5:      layout_cave_pools, uniq_eustachio
D:6:      layout_rooms, minitemple, minmay_temple_entry_mist
D:7:      layout_layer_cave, uniq_duvessa
Temple:   compressed_dpeg_circular_temple

Skill      XL: |  1  2  3  4  5  6  7  8  9 10 |
---------------+-------------------------------+-----
Fighting       | 3 4 5 6 8 9 |  9.4
Long Blades    | 3 4 5 6 |  6.0
Armour         | 1 2 3 4 5 |  5.0
Dodging        | 2 3 4 5 |  5.0
Maces & Flails | 1 5 6 |  6.2
Throwing       | |  0.8
Spellcasting   | |  1.7
Translocations | |  3.0

Action                     |  1- 3 |  4- 6 |  7- 9 | 10-12 || total
---------------------------+-------+-------+-------+-------++-------
  Melee: Falchion          |    81 |   235 |   117 |       ||   433
         Dagger            |    37 |       |   105 |       ||   142
         Short sword       |    32 |    77 |       |       ||   109
         Long sword        |       |   141 |    55 |       ||   196
         Shillelagh        |       |       |    55 |    36 ||    91
         Scimitar          |       |       |    12 |    35 ||    47
  Throw: Dart              |       |     2 |    11 |       ||    13
    Use: Potion            |       |       |     2 |       ||     2
   Stab: Sleeping          |       |       |     1 |       ||     1
 Armour: Leather armour    |    43 |   115 |   159 |       ||   317
         Troll leather arm |       |       |    19 |    44 ||    63
  Dodge: Dodged            |    40 |   145 |   154 |    27 ||   366

Table legend: (Time is in decaauts)
 A = Elapsed time spent in this place.
 B = Non-inter-level travel time spent in this place.
 C = Inter-level travel time spent in this place.
 D = Time resting spent in this place.
 E = Time spent auto-exploring this place.
 F = Levels seen in this place.
 G = Mean time per level.
                   A        B        C        D        E       F      G
               +--------+--------+--------+--------+--------+-----+--------+
         Total |   8220 |   7767 |    453 |   1791 |   4495 |   9 |  913.3 |
       Dungeon |   6973 |   6537 |    436 |   1382 |   3937 |   7 |  996.1 |
        Temple |     18 |      1 |     17 |      0 |      0 |   1 |   18.0 |
         Sewer |   1228 |   1228 |      0 |    409 |    558 |   1 | 1228.0 |
               +--------+--------+--------+--------+--------+-----+--------+

Top non-repeatable levels by time:
     D:4: 1989 daAuts
   Sewer: 1228 daAuts
     D:3: 1094 daAuts
     D:5: 1003 daAuts
     D:1: 888 daAuts
     D:6: 729 daAuts
     D:2: 722 daAuts
     D:7: 545 daAuts
  Temple: 18 daAuts
